 Dungeon Crawl Stone Soup version 0.23.1 (webtiles) character file.

Game seed: 11273819321325352089

660 Fang the Skirmisher (level 7, -11/44 HPs)
             Began as a Gargoyle Berserker on Mar 11, 2019.
             Was an Elder of Trog.
             Mangled by an ogre
             ... wielding a +0 giant club
              (17 damage)
             ... on level 4 of the Dungeon.
             The game lasted 00:05:21 (3442 turns).

Fang the Skirmisher (Gargoyle Berserker)            Turns: 3442, Time: 00:05:21

Health: -11/44     AC: 14    Str: 23    XL:     7   Next: 56%
Magic:  7/7        EV:  9    Int:  7    God:    Trog [****..]
Gold:   190        SH:  0    Dex:  9    Spells: 6/6 levels left

rFire    . . .     SeeInvis +   k - +0 war axe
rCold    . . .     Gourm    .   (no shield)
rNeg     + . .     Faith    .   j - +0 chain mail
rPois    ∞         Spirit   .   (no helmet)
rElec    +         Reflect  .   (no cloak)
rCorr    .         Harm     .   (no gloves)
MR       .....                  (no boots)
Stlth    ..........             (no amulet)
HPRegen  0.14/turn              h - ring of see invisible
MPRegen  0.10/turn              (no ring)

@: berserk cooldown, slowed, very slow
A: negative energy resistance 1, electricity resistance, unbreathing,
petrification resistance, rot immunity, AC +4
a: Berserk, Trog's Hand, Brothers in Arms, Renounce Religion


You were on level 4 of the Dungeon.
You worshipped Trog.
Trog was greatly pleased with you.
You were not hungry.

You visited 1 branch of the dungeon, and saw 4 of its levels.
You also visited: Sewer.

You collected 190 gold pieces.

Inventory:

Hand Weapons
 k - a +0 war axe (weapon)
 n - a +1 hand axe of freezing
Armour
 j - a +0 chain mail (worn)
Jewellery
 h - a ring of see invisible (left hand)
Wands
 t - a wand of disintegration (11)
Scrolls
 a - 2 scrolls of fog {unknown}
 b - 4 scrolls of remove curse {unknown}
 d - 3 scrolls of enchant weapon {unknown}
 e - 2 scrolls of magic mapping {unknown}
 f - a scroll of fear {unknown}
 l - a scroll of amnesia {unknown}
 m - 9 scrolls of identify {unknown}
 u - a scroll of teleportation {unknown}
Potions
 g - 3 potions of might {unknown}
 i - 3 potions of degeneration {unknown}
 o - 2 potions of curing
 p - 2 potions of agility {unknown}
 q - 4 potions of brilliance {unknown}
 r - 2 potions of heal wounds {unknown}
 v - a potion of magic {unknown}
Comestibles
 c - 4 rations


   Skills:
 + Level 5.4 Fighting
 + Level 4.5 Axes
 + Level 4.8 Armour
 + Level 3.6 Dodging


You had 6 spell levels left.
You didn't know any spells.
Your spell library was empty.

Dungeon Overview and Level Annotations

Branches:
Dungeon (4/15)
 Temple: D:4-7

Altars:
Ru

Shops:
D:4 *

Annotations:
D:4 2 transporters, violetj's ghost, amateur OpTm


Innate Abilities, Weirdness & Mutations

You are resistant to torment.
Your stone body is resilient. (AC +4)
You are immune to poison.
You resist negative energy. (rN+)
You are resistant to electric shocks. (rElec)
You can survive without breathing.
You are immune to petrification.
You are immune to rotting.


Message History

Your chain mail prevents you from hitting the orc.
The orc is almost dead.
The orc hits you but does no damage. The orc misses you.
You slash the orc!
You kill the orc!
Trog accepts your kill. The orc barely misses you.
You hit the orc but do no damage. The orc barely misses you.
You slash the orc!
You kill the orc!
Trog accepts your kill. The ogre hits you with a +0 giant club.
You slash the ogre!
The ogre is moderately wounded.
The ogre hits you with a +0 giant club! x2
* * * LOW HITPOINT WARNING * * *
You barely miss the ogre.
The ogre is moderately wounded.
The ogre hits you with a +0 giant club!
You die...

... .>.. .....
#....o########
......†)O....#
..##########)#
#o# #O# #@#
#.# #.# #.#
#.# #.# #
#########.# .
..........#
######.###


You could see an ogre and an orc.

Vanquished Creatures
  A hungry ghost (D:4)
  2 big kobolds (Sewer)
  2 orc priests
  An orc wizard (D:3)
  2 worker ants (D:4)
  7 river rats (Sewer)
  8 adders
  2 worms
  A dart slug (D:1)
  6 leopard geckos
  14 orcs
  5 ball pythons
  5 giant cockroaches
  4 goblins
  6 hobgoblins
  6 jackals
  A quokka (D:3)
  5 bats
  12 frilled lizards
  23 kobolds
  27 rats
140 creatures vanquished.

Notes
Turn   | Place    | Note
-------+----------+-------------------------------------------
     0 | D:1      | Fang the Gargoyle Berserker began the quest for the Orb.
     0 | D:1      | Reached XP level 1. HP: 14/14 MP: 1/1
   166 | D:1      | Reached XP level 2. HP: 17/19 MP: 2/2
   417 | D:1      | Reached XP level 3. HP: 17/23 MP: 3/3
   417 | D:1      | Reached ** piety under Trog
   929 | D:2      | Reached XP level 4. HP: 26/29 MP: 4/4
  1187 | D:2      | Found a sacrificial altar of Ru.
  1669 | D:3      | Reached skill level 4 in Fighting
  1811 | D:3      | Reached XP level 5. HP: 30/33 MP: 5/5
  2205 | D:3      | Found a glowing drain.
  2226 | Sewer    | Entered a sewer
  2261 | Sewer    | Reached *** piety under Trog
  2332 | Sewer    | Noticed a big kobold
  2341 | Sewer    | Killed a big kobold
  2341 | Sewer    | Reached XP level 6. HP: 37/39 MP: 6/6
  2576 | Sewer    | Reached skill level 5 in Fighting
  2829 | D:3      | Reached XP level 7. HP: 44/44 MP: 7/7
  2841 | D:3      | Reached **** piety under Trog
  3179 | D:4      | Found Peitz's General Store.
  3214 | D:4      | Found a transporter.
  3216 | D:4      | Found a transporter.
  3217 | D:4      | Noticed violetj's ghost (amateur OpTm)
  3288 | D:4      | Noticed a hungry ghost
  3309 | D:4      | Paralysed by fainting for 5 turns
  3326 | D:4      | Paralysed by fainting for 8 turns
  3337 | D:4      | Paralysed by fainting for 6 turns
  3368 | D:4      | HP: 1/44 [orc priest/divine providence (11)]
  3389 | D:4      | Paralysed by fainting for 6 turns
  3408 | D:4      | Killed a hungry ghost
  3442 | D:4      | Mangled by an ogre

Skill      XL: |  1  2  3  4  5  6 |
---------------+-------------------+-----
Axes           | 3 4 |  4.5
Dodging        | 2 3 |  3.6
Armour         | 3 4 |  4.8
Fighting       | 4 5 |  5.4

Action                   |  1- 3 |  4- 6 |  7- 9 || total
-------------------------+-------+-------+-------++-------
Melee: Hand axe          |    95 |       |       ||    95
       War axe           |    25 |   242 |   175 ||   442
Invok: Berserk           |       |     2 |     2 ||     4
       Trog's Hand       |       |     1 |       ||     1
  Use: Potion            |       |       |     3 ||     3
  Eat: Chunk             |       |     9 |     3 ||    12
       Ration            |       |       |     6 ||     6
Armor: Animal skin       |    23 |       |       ||    23
       Chain mail        |    33 |   218 |   143 ||   394
Dodge: Dodged            |    87 |   177 |    76 ||   340
